 Dungeon Crawl Stone Soup version 0.23.2-1-ga50397a (webtiles) character file.

Game seed: 18002406106491522012

331 kae the Changer (level 6, -5/43 HPs)
             Began as a Demonspawn Transmuter on Apr 14, 2019.
             Killed from afar by Blork the orc (9 damage)
             ... with a puff of flame
             ... on level 4 of the Dungeon.
             The game lasted 00:03:51 (3826 turns).

kae the Changer (Demonspawn Transmuter)             Turns: 3826, Time: 00:03:51

Health: -5/43      AC:  4    Str: 10    XL:     6   Next: 26%
Magic:  0/9        EV: 12    Int: 14    God:
Gold:   132        SH:  0    Dex: 16    Spells: 3/9 levels left

rFire    . . .     SeeInvis .   i - +2 dagger (venom)
rCold    . . .     Gourm    .   (no shield)
rNeg     . . .     Faith    .   b - +0 robe
rPois    +         Spirit   +   k - +0 helmet
rElec    .         Reflect  .   t - +0 cloak
rCorr    .         Harm     .   (gloves unavailable)
MR       .....                  (no boots)
Stlth    +.........             r - amulet of magic regeneration
HPRegen  0.14/turn              e - ring of poison resistance
MPRegen  0.36/turn              (no ring)

@: no status effects
A: claws 3, magic shield
a: no special abilities


You were on level 4 of the Dungeon.
You were very hungry.

You visited 1 branch of the dungeon, and saw 4 of its levels.

You collected 132 gold pieces.

Inventory:

Hand Weapons
 i - a +2 dagger of venom (weapon)
Missiles
 a - 29 arrows
Armour
 b - a +0 robe (worn)
 k - a +0 helmet (worn)
 t - a +0 cloak (worn)
Jewellery
 e - a ring of poison resistance (left claw)
 r - an amulet of magic regeneration (around neck)
Scrolls
 m - 3 scrolls of enchant weapon
 n - a scroll of amnesia
 q - a scroll of fear
 s - a scroll of identify
Potions
 c - a potion of resistance
 f - a potion of flight
 g - 3 potions of heal wounds
 h - a potion of might
 j - a potion of invisibility
 l - 4 potions of agility {unknown}
 o - a potion of brilliance {unknown}
 p - a potion of magic {unknown}
Comestibles
 d - 8 rations


   Skills:
 - Level 1.0 Fighting
 - Level 1.7 Dodging
 - Level 2.6 Unarmed Combat
 - Level 2.0 Spellcasting
 + Level 6.1 Transmutations


You had 3 spell levels left.
You knew the following spells:

 Your Spells              Type           Power        Failure   Level  Hunger
a - Beastly Appendage     Tmut           ###...       1%          1    ##.....
b - Sticks to Snakes      Tmut           ###.....     3%          2    ###....
c - Spider Form           Tmut/Pois      ##........   21%         3    ####...

Your spell library contained the following spells:

 Spells                   Type           Power        Failure   Level  Hunger
 Pain                     Necr           #...         24%         1    ##.....
 Blade Hands              Tmut           ###.......   47%         5    ######.
 Ice Form                 Ice/Tmut       ##......     56%         4    #####..


Dungeon Overview and Level Annotations

Branches:
Dungeon (4/15)
 Temple: D:4-7

Altars:
Kikubaaqudgha
Makhleb
Sif Muna
Vehumet
Zin

Annotations:
D:4 Blork the orc


Innate Abilities, Weirdness & Mutations

You have claws for hands.
When hurt, damage is shared between your health and your magic reserves.


Message History

Blork the orc hits you with a +0 war axe!
Blork the orc mumbles some strange words.
Blork the orc flickers and vanishes!
Deactivating autopickup; reactivate with Ctrl-A.
Something hits you but does no damage.
A magic dart appears from out of thin air!
The magic dart hits you.
* * * LOW HITPOINT WARNING * * *
A magic dart appears from out of thin air!
The magic dart hits you!
* * * LOW HITPOINT WARNING * * *
Your transformation has ended.
Your +2 dagger of venom unmelds from your body.
Your +0 cloak unmelds from your body.
Your +0 helmet unmelds from your body.
Your +0 robe unmelds from your body.
Your +2 dagger of venom begins to drip with poison!
You hear some strange, mumbled words.
A puff of flame appears from out of thin air!
The puff of flame hits you!
You die...

#.......####..#
#.#.###......#
#.........##.###
..........# ...##
.........o###...###
#.................#
..................#
..#####.....#......
.. ##@..#..##..## .#.
#...#.### . .....
##..#[# .....##....##
.....#.....##
...................>#
................##..#
................†..##
...............#...#


You could see an orc.

Vanquished Creatures
  A centaur skeleton (D:4)
  Jessica (D:2)
  Natasha (D:2)
  3 worker ants (D:4)
  3 gnolls (D:2)
  7 adders
  2 oozes
  An adder skeleton (D:4)
  3 worms
  3 dart slugs
  3 leopard geckos
  6 bats
  3 giant cockroaches
  2 goblins
  5 hobgoblins
  6 jackals (D:3)
  5 kobolds
  A quokka (D:2)
  2 ball pythons
  4 frilled lizards
  A jackal skeleton (D:4)
  8 rats
71 creatures vanquished.

Notes
Turn   | Place    | Note
-------+----------+-------------------------------------------
     0 | D:1      | kae the Demonspawn Transmuter began the quest for the Orb.
     0 | D:1      | Reached XP level 1. HP: 15/15 MP: 3/3
    29 | D:1      | Reached skill level 2 in Transmutations
   436 | D:1      | Gained mutation: You have sharp fingernails. [demonic
                  | ancestry]
   436 | D:1      | Reached XP level 2. HP: 20/21 MP: 3/5
  1068 | D:2      | Found a burning altar of Makhleb.
  1068 | D:2      | Found a glowing silver altar of Zin.
  1069 | D:2      | Noticed an angel
  1069 | D:2      | Noticed a blizzard demon
  1083 | D:2      | Noticed Jessica
  1086 | D:2      | Found a radiant altar of Vehumet.
  1091 | D:2      | Reached skill level 3 in Transmutations
  1094 | D:2      | Killed Jessica
  1094 | D:2      | Gained mutation: You have very sharp fingernails. [demonic
                  | ancestry]
  1094 | D:2      | Reached XP level 3. HP: 18/26 MP: 6/6
  1371 | D:2      | Learned a level 2 spell: Sticks to Snakes
  1375 | D:2      | Learned a level 3 spell: Spider Form
  1402 | D:2      | Reached skill level 4 in Transmutations
  1402 | D:2      | Reached XP level 4. HP: 32/32 MP: 7/7
  1509 | D:2      | Found a deep blue altar of Sif Muna.
  1510 | D:2      | Found an ancient bone altar of Kikubaaqudgha.
  1512 | D:2      | Identified Kikubaaqudgha's Compendium of Sinister Rituals
  2186 | D:2      | Noticed an ogre
  2197 | D:2      | Noticed Natasha
  2213 | D:2      | Killed Natasha
  2213 | D:2      | Gained mutation: When hurt, damage is shared between your
                  | health and your magic reserves. [demonic ancestry]
  2213 | D:2      | Reached XP level 5. HP: 32/37 MP: 4/8
  2694 | D:3      | Reached skill level 5 in Transmutations
  3457 | D:4      | Gained mutation: You have claws for hands. [demonic
                  | ancestry]
  3457 | D:4      | Reached XP level 6. HP: 43/43 MP: 9/9
  3596 | D:4      | Reached skill level 6 in Transmutations
  3813 | D:4      | Noticed Blork the orc
  3826 | D:4      | Killed from afar by Blork the orc

Skill      XL: |  1  2  3  4  5  6 |
---------------+-------------------+-----
Transmutations | 2 3 4 5 6 |  6.1
Fighting       | |  1.0
Dodging        | |  1.7
Unarmed Combat | |  2.6
Spellcasting   | |  2.0

Action                   |  1- 3 |  4- 6 || total
-------------------------+-------+-------++-------
Melee: Unarmed           |    40 |    68 ||   108
       Headbutt          |     1 |       ||     1
       Dagger            |    35 |    97 ||   132
       Kick              |     2 |     2 ||     4
 Cast: Beastly Appendage |     3 |     1 ||     4
       Spider Form       |       |    12 ||    12
  Use: Scroll            |     4 |     6 ||    10
       Potion            |     1 |       ||     1
 Stab: Sleeping          |       |     1 ||     1
  Eat: Chunk             |     2 |     8 ||    10
Armor: Robe              |    18 |    14 ||    32
       Skin              |       |     4 ||     4
Dodge: Dodged            |    57 |   128 ||   185
